 Dungeon Crawl Stone Soup version 0.21.1-1-g345015fe64 (webtiles) character file.

461873 Peloso the Minotaur Barricade (level 23, -18/202 HPs)
             Began as a Minotaur Fighter on Mar 31, 2018.
             Was the Champion of Okawaru.
             Killed from afar by a shadow dragon (32 damage)
             ... with a bolt of negative energy
             ... on level 5 of the Vaults.
             The game lasted 02:44:26 (54653 turns).

Peloso the Minotaur Barricade (Minotaur Fighter)   Turns: 54653, Time: 02:44:26

Health: -18/202    AC: 35    Str: 40    XL:     23   Next: 9%
Magic:  23/23      EV: 10    Int:  9    God:    Okawaru [******]
Gold:   2324       SH: 35    Dex: 13    Spells: 22/22 levels left

rFire    + + +     SeeInvis .   J - +11 demon blade of Kog Maec {vamp, Str+6}
rCold    + + .     Gourm    .   G - +4 large shield of Plog {rF++ MR+}
rNeg     . . .     Faith    .   Z - +6 gold dragon scales of the Doge {rPois rF+ rC+ Str+2}
rPois    +         Spirit   .   P - +1 hat {MR+}
rElec    .         Reflect  +   j - +1 cloak {rPois}
rCorr    +         Harm     .   v - +0 pair of gloves "Giupowum" {rPois rCorr Str+3 Int+4}
MR       ++++.                  y - +2 pair of boots {Stlth+}
Stlth    ..........             D - +4 amulet of reflection
HPRegen  0.43/turn              K - +6 ring of strength
MPRegen  0.18/turn              n - ring of Qiestule {rC+ MR+ Str-5 Slay+6}

@: heavily drained
A: retaliatory headbutt, horns 2, frail 1
}: 3/15 runes: decaying, serpentine, silver
a: Heroism, Finesse, Renounce Religion


You were on level 5 of the Vaults.
You worshipped Okawaru.
Okawaru was exalted by your worship.
You were not hungry.

You visited 7 branches of the dungeon, and saw 39 of its levels.
You also visited: Labyrinth and Ice Cave.

You collected 4183 gold pieces.
You spent 1859 gold pieces at shops.

Inventory:

Hand Weapons
 q - the +8 autumn katana {slice, Clar}
   (You found it in a labyrinth)

   It inflicts extra damage upon your enemies.
   It protects you against confusion.
 J - the +11 demon blade of Kog Maec (weapon) {vamp, Str+6}
   (You found it in an ice cave)

   It inflicts no extra harm, but heals its wielder when it wounds a living foe.
   It affects your strength (+6).
 U - the +8 double sword "Ucof" {speed, Str+2}
   (You found it on level 3 of the Elven Halls)

   Attacks with this weapon are significantly faster.
   It affects your strength (+2).
Armour
 j - a +1 cloak of poison resistance (worn)
 v - the +0 pair of gloves "Giupowum" (worn) {rPois rCorr Str+3 Int+4}
   (You found it on level 14 of the Dungeon)

   It affects your strength (+3).
   It affects your intelligence (+4).
   It protects you from poison.
   It protects you from acid and corrosion.
 y - a +2 pair of boots of stealth (worn)
 G - the +4 large shield of Plog (worn) {rF++ MR+}
   (Okawaru gifted it to you on level 3 of the Elven Halls)

   It greatly protects you from fire.
   It affects your resistance to hostile enchantments.
 P - a +1 hat of magic resistance (worn)
 Z - the +6 gold dragon scales of the Doge (worn) {rPois rF+ rC+ Str+2}
   (You found it on level 3 of the Elven Halls)

   It affects your strength (+2).
   It protects you from fire.
   It protects you from cold.
   It protects you from poison.
Jewellery
 b - an uncursed ring of protection from magic
 n - the ring of Qiestule (right hand) {rC+ MR+ Str-5 Slay+6}
   (You found it in a labyrinth)

   [ring of protection from magic]

   It affects your strength (-5).
   It affects your accuracy and damage with ranged weapons and melee attacks
   (+6).
   It protects you from cold.
   It affects your resistance to hostile enchantments.
 u - an uncursed amulet of faith
 D - a +4 amulet of reflection (around neck)
 F - an uncursed ring of flight
 K - a +6 ring of strength (left hand)
 Q - an uncursed ring of see invisible
Wands
 r - a wand of digging (17)
Scrolls
 a - 2 scrolls of summoning
 c - a scroll of fear
 d - 3 scrolls of blinking
 k - 22 scrolls of remove curse
 m - 3 scrolls of identify
 s - 13 scrolls of teleportation
 C - 7 scrolls of magic mapping
Potions
 e - 11 potions of curing
 h - 3 potions of heal wounds
 l - 5 potions of might
 o - 10 potions of agility
 t - 4 potions of flight
 z - a potion of resistance
 E - 2 potions of berserk rage
 I - 2 potions of haste
Comestibles
 f - 45 rations


   Skills:
 + Level 22.7(18.8) Fighting
 + Level 22.6(18.7) Long Blades
 + Level 19.3(15.6) Armour
 + Level 7.7(4.8) Dodging
 + Level 3.2(0.7) Stealth
 O Level 27(22.7) Shields
 + Level 1.5(0.0) Invocations
 + Level 0.8(0.0) Evocations


You had 22 spell levels left.
You didn't know any spells.

Dungeon Overview and Level Annotations

Branches:
Dungeon (15/15)            Temple (0/1) D:7            Lair (6/6) D:9
  Swamp (4/4) Lair:2        Snake (4/4) Lair:4        Slime (0/5) Lair:6
    Orc (2/2) D:11            Elf (3/3) Orc:2        Vaults (5/5) D:13
  Crypt (0/3) Vaults:2     Depths (0/5) D:15

Altars:
Dithmenos
Elyvilon
Fedhas
Gozag
Hepliaklqana
Kikubaaqudgha
Makhleb
Nemelex Xobeh
Okawaru
Vehumet
Wu Jian
Xom
Yredelemnul
Zin
Beogh
Jiyva

Shops:
D:4 %   D:6 %   Orc:1 [   Orc:2 }:}:?   Elf:3 [   Snake:4 }:((   Vaults:2 [
Vaults:4 :

Annotations:
D:9 exclusion: ice statue
Lair:3 exclusion: oklob plant


Innate Abilities, Weirdness & Mutations

You reflexively headbutt those who attack you in melee.
You have a pair of horns on your head.
You are frail. (-10% HP)


Message History

Unknown command.
You slice the shadow dragon!!
The shadow dragon is heavily wounded.
Unknown command.
You slash the shadow dragon!
You headbutt the shadow dragon, but do no damage.
The shadow dragon is severely wounded.
You feel sick.
You are no longer poisoned.
You block the shadow dragon's attack.
The shadow dragon claws you but does no damage.
You block the shadow dragon's attack.
You closely miss the shadow dragon. You headbutt the shadow dragon.
The shadow dragon is severely wounded.
Unknown command.
You slash the shadow dragon!
The shadow dragon is severely wounded.
The shadow dragon breathes negative energy at you.
The bolt of negative energy hits you!
You feel drained.
You die...

# # ... ## .... .# #..# .#
#..#..# .# #..#..# .#
#..#.ยง# .#
#..#p.#.)############.
##....#..#..#..D@.))p)......
##....#..#..#....)...[......
##....#..#..#))#############
.#....#..#.........(..
.#....#..#............
.#....#..#).##########
.#....#.........p.
......(...........
........##########


You could see a shadow dragon and a necromancer.

Vanquished Creatures
  An ancient lich (Vaults:4)
  Vashnia (Snake:2)
  A golden dragon (Vaults:5)
  A lich (Vaults:4)
  Jorgrun (Snake:3)
  2 Ice Fiends (IceCv)
  4 titans
  3 tentacled monstrosities
  A Hell Sentinel (Vaults:3)
  3 deep elf blademasters
  A quicksilver dragon (Vaults:5)
  The ghost of Duralumin the Devastator, an adept HuCj of Vehumet (Snake:3)
  2 deep elf master archers (Elf:3)
  A sphinx (Vaults:4)
  3 tengu reavers (Vaults:5)
  Kirke (Lair:5)
  2 thorn hunters (Swamp:4)
  3 shadow dragons (Vaults:5)
  11 nagarajas
  3 fire giants
  An iron dragon (Vaults:5)
  9 deep elf sorcerers
  5 frost giants
  Aizul (Snake:3)
  15 vault wardens
  A ghoul (Vaults:2)
  4 deep elf elementalists (Elf:3)
  18 ironheart preservers
  10 stone giants
  8 very ugly things
  2 entropy weavers
  2 war gargoyles (Vaults:5)
  7 deep elf demonologists
  Azrael (D:11)
  6 deep elf annihilators
  The ghost of eggzz the Bludgeoner, a journeyman VSFi of Qazlal (Lair:5)
  5 ettins (Vaults:5)
  A minotaur (Lab)
  6 deep elf death magi
  A crystal guardian (Vaults:4)
  4 deep elf high priests
  3 great orbs of eyes
  2 fire dragons
  Harold (Lair:2)
  A great orb of eyes (shapeshifter) (Vaults:5)
  An ice dragon (Vaults:5)
  25 hydras
  11 yaktaur captains
  A rakshasa (Vaults:1)
  26 vault guards
  Erolcha (D:13)
  10 naga warriors
  3 catoblepae
  2 ghost crabs
  A two-headed ogre (shapeshifter) (Elf:3)
  8 centaur warriors
  27 dancing weapons
  36 two-headed ogres
  3 tengu warriors
  8 anacondas
  4 death knights
  15 ogre magi
  6 alligators
  6 death yaks
  2 deep troll shamans (Vaults:5)
  A deep troll earth mage (Vaults:5)
  A vampire mage (D:15)
  Urug (D:12)
  19 naga sharpshooters
  2 spriggan berserkers (Swamp:4)
  7 shock serpents
  Nergalle (Lair:1)
  15 deep elf knights
  8 skeletal warriors
  3 hell knights (Vaults:5)
  3 salamander mystics
  2 sea snakes (Snake:3)
  12 deep trolls
  11 naga ritualists
  2 unseen horrors
  15 deep elf archers
  A glowing orange brain (Vaults:3)
  2 flayed ghosts (Vaults:4)
  2 wizards
  5 phantasmal warriors
  2 shambling mangroves (Swamp:2)
  9 swamp dragons
  15 orc knights
  4 harpies (Vaults:2)
  15 ironbrand convokers
  A lindwurm (Lair:6)
  11 orc sorcerers
  4 necromancers
  10 mana vipers
  72 deep elf magi
  2 wolf spiders (Vaults:4)
  4 manticores
  Maurice (D:9)
  9 cyclopes
  11 salamanders
  A stone giant skeleton (D:15)
  24 ugly things
  The ghost of tensugalgo the Sneak, a novice NaWn (D:5)
  6 elephants
  A guardian serpent (shapeshifter) (Vaults:1)
  45 black mambas
  34 naga magi
  A black mamba (shapeshifter) (Vaults:5)
  3 guardian serpents
  2 ice statues (IceCv)
  2 molten gargoyles (Lair:6)
  10 spiny frogs
  12 vault sentinels
  2 rime drakes
  An efreet (D:12)
  A yaktaur zombie (D:15)
  12 freezing wraiths
  8 komodo dragons
  4 kobold demonologists
  18 yaktaurs
  13 ice devils (IceCv)
  A jumping spider (Vaults:5)
  13 trolls
  A tengu conjurer (D:14)
  10 hornets
  7 tyrant leeches
  29 slime creatures
  15 dream sheep
  7 hippogriffs
  15 blink frogs
  8 bog bodies
  Sigmund (D:5)
  3 shadows
  A spriggan skeleton (D:15)
  A tarantella (shapeshifter) (Vaults:3)
  3 wraiths
  3 vampires
  2 water elementals
  An air elemental (Elf:2)
  4 redbacks
  8 basilisks
  62 yaks
  A spriggan (shapeshifter) (Vaults:2)
  2 wyverns
  A golden eye (shapeshifter) (Elf:3)
  4 fire elementals
  6 hogs (Lair:5)
  3 hungry ghosts
  The ghost of Wolfborn the Skirmisher, an amateur DsAK of Lugonu (D:3)
  A chaos spawn (Snake:2)
  2 steam dragons
  14 vampire mosquitoes
  14 swamp worms
  12 insubstantial wisps
  59 nagas
  10 wargs
  2 soldier ants
  A swamp worm (shapeshifter) (Vaults:4)
  9 acid dragons
  Edmund (D:5)
  6 hell hounds
  21 water moccasins
  5 porcupines
  15 swamp drakes
  2 black bears
  A sky beast (D:8)
  2 eyes of draining
  2 ice beasts
  31 orc warriors
  3 phantoms
  2 black bears (shapeshifter)
  49 ogres
  19 boggarts
  2 necrophages
  9 wolves
  21 centaurs
  10 crocodiles
  2 big kobolds
  15 bullfrogs
  4 wyvern skeletons
  8 earth elementals
  7 scorpions
  10 killer bees
  A tengu zombie (D:15)
  8 wights (D:10)
  4 howler monkeys
  An electric eel (D:14)
  3 crimson imps
  A centaur zombie (D:12)
  5 lava snakes (Lair:6)
  3 bullfrog zombies
  2 centaur skeletons
  7 hounds
  4 jellies
  2 yaktaur simulacra (Vaults:1)
  18 orc priests
  A bullfrog skeleton (D:8)
  2 iguanas
  10 worker ants
  50 orc wizards
  A killer bee zombie (D:8)
  2 hound skeletons
  A worker ant zombie (D:6)
  8 gnolls
  10 adders
  2 shadow imps
  5 white imps (IceCv)
  8 ufetubi (IceCv)
  2 oozes
  2 adder zombies
  An adder skeleton (D:5)
  3 worms
  A dart slug (D:5)
  11 leopard geckos
  122 orcs
  10 bats
  5 giant cockroaches
  5 goblins
  5 hobgoblins
  4 jackals
  4 quokkas
  A ball python (D:2)
  4 frilled lizards
  A jackal zombie (D:6)
  22 kobolds
  2 leopard gecko zombies
  4 rats (D:1)
  2 briar patches (Swamp:4)
  A fungus (Lair:1)
  2 plants (Lair:1)
1798 creatures vanquished.

Vanquished Creatures (others)
  A stone giant (Vaults:2)
  Nessos (D:13)
  A yaktaur captain (Vaults:5)
  A centaur warrior (Vaults:4)
  2 naga sharpshooters (Snake:1)
  A deep elf knight (Vaults:4)
  6 deep elf archers
  A wizard (Elf:1)
  A cyclops (Vaults:1)
  A black mamba (Snake:2)
  A naga mage (Snake:2)
  10 yaktaurs
  2 nagas (Snake:4)
  3 boggarts
  3 orc wizards
  A white imp (IceCv)
  4 ufetubi (IceCv)
  5 orcs
  A briar patch (Swamp:4)
  17 fungi
  3 plants
66 creatures vanquished.

Grand Total: 1864 creatures vanquished

Notes
Turn   | Place    | Note
-------+----------+-------------------------------------------
     0 | D:1      | Peloso the Minotaur Fighter began the quest for the Orb.
     0 | D:1      | Reached XP level 1. HP: 19/19 MP: 0/0
   217 | D:1      | Reached XP level 2. HP: 27/27 MP: 1/1
   692 | D:1      | Reached skill level 4 in Shields
   838 | D:2      | Reached XP level 3. HP: 31/33 MP: 2/2
   899 | D:2      | Found a faded altar of an unknown god.
  1142 | D:2      | Found a sparkling altar of Nemelex Xobeh.
  1429 | D:3      | You fall through a shaft!
  1438 | D:4      | Noticed an ogre
  1445 | D:4      | Killed an ogre
  1445 | D:4      | Reached skill level 5 in Shields
  1445 | D:4      | Reached XP level 4. HP: 40/40 MP: 3/3
  1445 | D:4      | Reached XP level 5. HP: 46/46 MP: 4/4
  1497 | D:4      | Reached skill level 1 in Dodging
  1613 | D:3      | Noticed Wolfborn's ghost (amateur DsAK)
  1656 | D:3      | Killed Wolfborn's ghost
  1656 | D:3      | Reached XP level 6. HP: 37/53 MP: 5/5
  1690 | D:3      | Found a blossoming altar of Fedhas.
  1803 | D:3      | Found a shadowy altar of Dithmenos.
  2151 | D:3      | Found an ornate altar of the Wu Jian Council.
  2303 | D:3      | Found a radiant altar of Vehumet.
  2305 | D:3      | Found a burning altar of Makhleb.
  2307 | D:3      | Found an ancient bone altar of Kikubaaqudgha.
  2788 | D:4      | Reached skill level 5 in Armour
  2908 | D:4      | Reached skill level 5 in Long Blades
  2914 | D:4      | Reached skill level 6 in Shields
  3121 | D:4      | Reached XP level 7. HP: 47/60 MP: 6/6
  3232 | D:4      | Found Seuc's Food Emporium.
  3313 | D:5      | Entered Level 5 of the Dungeon
  3348 | D:5      | Noticed tensugalgo's ghost (novice NaWn)
  3372 | D:5      | Killed tensugalgo's ghost
  3372 | D:5      | Reached skill level 5 in Fighting
  3384 | D:5      | Reached XP level 8. HP: 49/68 MP: 7/7
  3448 | D:5      | Found an iron altar of Okawaru.
  3455 | D:5      | Became a worshipper of Warmaster Okawaru
  3472 | D:5      | Noticed Sigmund
  3535 | D:4      | Reached skill level 7 in Shields
  3597 | D:5      | Killed Sigmund
  3651 | D:5      | Found a hazy altar of Hepliaklqana.
  3704 | D:5      | Reached * piety under Okawaru
  3802 | D:5      | Reached skill level 1 in Stealth
  4344 | D:6      | Noticed Edmund
  4362 | D:5      | Killed Edmund
  4619 | D:6      | Reached XP level 9. HP: 71/75 MP: 8/8
  4625 | D:6      | Found Tolop's Food Boutique.
  4666 | D:6      | Reached skill level 8 in Shields
  5098 | D:7      | Found a staircase to the Ecumenical Temple.
  5272 | D:7      | Reached ** piety under Okawaru
  6018 | D:7      | Reached skill level 9 in Shields
  6069 | D:8      | Found an ancient bone altar of Kikubaaqudgha.
  6069 | D:8      | Noticed a two-headed ogre
  6084 | D:8      | Killed a two-headed ogre
  6084 | D:8      | Reached skill level 10 in Long Blades
  6098 | D:8      | Noticed a two-headed ogre
  6255 | D:7      | Reached XP level 10. HP: 48/86 MP: 6/9
  6345 | D:7      | Killed a two-headed ogre
  6345 | D:7      | Reached *** piety under Okawaru
  6345 | D:7      | Reached skill level 10 in Shields
  6621 | D:8      | Found a white marble altar of Elyvilon.
  6804 | D:8      | Paralysed by a hornet for 2 turns
  7346 | D:9      | Reached skill level 11 in Shields
  7604 | D:9      | Noticed an ice statue
  7660 | D:9      | Noticed Maurice
  7677 | D:9      | Killed Maurice
  7677 | D:9      | Reached **** piety under Okawaru
  7708 | D:9      | Found a staircase to the Lair.
  8333 | Lair:1   | Entered Level 1 of the Lair of Beasts
  8333 | Lair:1   | Noticed Nergalle
  8373 | Lair:1   | Found a labyrinth entrance.
  8382 | Lab      | Entered a labyrinth
  8963 | Lab      | Noticed a minotaur
  8980 | Lab      | Killed a minotaur
  8980 | Lab      | Reached skill level 1 in Invocations
  8989 | Lab      | Found the +8 autumn katana {slice, Clar}
  8989 | Lab      | Got a crude bronze ring
  9003 | Lab      | Identified the ring of Qiestule {rC+ MR+ Str-5 Slay+6} (You found it in a labyrinth)
  9144 | Lair:1   | Noticed a black mamba
  9146 | Lair:1   | Reached XP level 11. HP: 94/94 MP: 10/10
  9412 | Lair:1   | Reached ***** piety under Okawaru
  9459 | Lair:1   | Reached skill level 12 in Shields
  9482 | Lair:1   | Received a gift from Okawaru
  9485 | Lair:1   | Reached skill level 10 in Armour
  9606 | Lair:1   | Killed Nergalle
  9614 | Lair:1   | Noticed an eight-headed hydra
  9729 | D:10     | Entered Level 10 of the Dungeon
 10689 | D:11     | Found a staircase to the Orcish Mines.
 10690 | D:11     | Noticed a wizard
 10694 | D:11     | Noticed a green ugly thing
 10704 | D:11     | Killed a wizard
 10704 | D:11     | Reached skill level 13 in Shields
 10708 | D:11     | Killed a green ugly thing
 10708 | D:11     | Received a gift from Okawaru
 10752 | D:11     | Reached XP level 12. HP: 103/105 MP: 11/11
 10832 | D:11     | Received a gift from Okawaru
 10901 | D:11     | Noticed a two-headed ogre
 10908 | D:11     | Killed a two-headed ogre
 10908 | D:11     | Reached ****** piety under Okawaru
 10980 | D:11     | Noticed a seven-headed hydra
 10989 | D:11     | Killed a nine-headed hydra
 11050 | D:11     | Reached skill level 10 in Fighting
 11391 | D:12     | Reached skill level 14 in Shields
 11550 | D:12     | Noticed a catoblepas
 11578 | D:12     | Killed a catoblepas
 11705 | D:12     | Noticed Urug
 11713 | D:12     | Killed Urug
 12064 | D:12     | Noticed a two-headed ogre
 12065 | D:12     | Noticed Azrael
 12100 | D:11     | Killed a two-headed ogre
 12270 | D:11     | Killed Azrael
 12713 | D:12     | Reached XP level 13. HP: 107/116 MP: 12/12
 12732 | D:12     | Received a gift from Okawaru
 12743 | D:12     | Got an encrusted hat {god gift}
 12749 | D:12     | Identified the +0 hat "Adaga" {Stlth+} (Okawaru gifted it to you on level 12 of the Dungeon)
 13589 | Lair:2   | Noticed Harold
 13604 | Lair:2   | Killed Harold
 13604 | Lair:2   | Reached skill level 15 in Shields
 13728 | Lair:2   | Found a staircase to the Swamp.
 14557 | Lair:3   | Found an opulent altar of Gozag.
 15034 | Lair:3   | Received a gift from Okawaru
 16182 | Lair:4   | Found a staircase to the Snake Pit.
 16249 | Lair:4   | Got a brightly glowing scale mail
 16702 | Lair:5   | Noticed eggzz's ghost (journeyman VSFi)
 16712 | Lair:5   | Killed eggzz's ghost
 16712 | Lair:5   | Reached XP level 14. HP: 125/127 MP: 13/13
 16847 | Lair:5   | Reached skill level 16 in Shields
 17103 | Lair:5   | Noticed Kirke
 17204 | Lair:5   | Noticed a sphinx
 17215 | Lair:5   | Paralysed by a sphinx for 5 turns
 17221 | Lair:5   | Killed Kirke
 17221 | Lair:5   | Received a gift from Okawaru
 17221 | Lair:5   | Reached skill level 15 in Long Blades
 17669 | Lair:6   | Entered Level 6 of the Lair of Beasts
 17669 | Lair:6   | Found a staircase to the Slime Pits.
 17669 | Lair:6   | Found a viscous altar of Jiyva.
 18509 | Lair:6   | Found a large runed door.
 18764 | Lair:6   | Received a gift from Okawaru
 18836 | Lair:6   | Reached skill level 5 in Dodging
 19402 | Lair:6   | Found a large runed door.
 19578 | Lair:6   | Received a gift from Okawaru
 19805 | Lair:1   | Identified the +1 scale mail of Ligigowo {rElec Regen+ Dex-2} (You found it on level 4 of the Lair of Beasts)
 20030 | Orc:1    | Entered Level 1 of the Orcish Mines
 20260 | Orc:1    | Found Okashuul's Antique Armour Shop.
 20529 | Orc:2    | Entered Level 2 of the Orcish Mines
 20561 | Orc:2    | Reached skill level 17 in Shields
 20563 | Orc:2    | Found Xecel's Magic Scroll Shop.
 20604 | Orc:2    | Found Fonad's Book Emporium.
 20698 | Orc:2    | Found a roughly hewn altar of Beogh.
 20995 | Orc:2    | Found Qeredghor's Gadget Emporium.
 20995 | Orc:2    | Found Ysoe's Book Shop.
 21000 | Orc:2    | Reached XP level 15. HP: 139/139 MP: 14/14
 21026 | Orc:2    | Found Goghihoc's Gadget Boutique.
 21030 | Orc:2    | Found a staircase to the Elven Halls.
 21585 | D:13     | Noticed Nessos
 21595 | D:13     | Killed Nessos
 21618 | D:13     | Noticed Erolcha
 21623 | D:13     | Killed Erolcha
 21632 | D:13     | Found a gate to the Vaults.
 23230 | D:14     | Got a pair of slimy gloves
 23241 | D:14     | Identified the cursed +0 pair of gloves "Giupowum" {rPois rCorr Str+3 Int+4} (You found it on level 14 of the Dungeon)
 23536 | D:15     | Entered Level 15 of the Dungeon
 23604 | D:15     | Reached skill level 15 in Fighting
 23633 | D:15     | Found a staircase to the Depths.
 24276 | D:15     | Reached skill level 15 in Armour
 24316 | D:15     | Received a gift from Okawaru
 24332 | D:15     | Got an ancient triple sword {god gift}
 24446 | D:15     | Identified the +4 triple sword "Ommoeg" {antimagic, rF+} (Okawaru gifted it to you on level 15 of the Dungeon)
 24750 | Snake:1  | Entered Level 1 of the Snake Pit
 24845 | Snake:1  | Reached skill level 18 in Shields
 25213 | Snake:1  | Reached XP level 16. HP: 136/149 MP: 15/15
 25218 | Snake:1  | Received a gift from Okawaru
 26373 | Swamp:1  | Entered Level 1 of the Swamp
 26621 | Swamp:1  | Got a jewelled ring mail
 26632 | Swamp:1  | Identified the +4 ring mail of Egalitarianism {rC+ MP+9} (You found it on level 1 of the Swamp)
 26813 | Swamp:1  | Received a gift from Okawaru
 27572 | Swamp:2  | Found a shimmering altar of Xom.
 27968 | Swamp:3  | Reached skill level 19 in Shields
 28512 | Swamp:4  | Entered Level 4 of the Swamp
 28728 | Swamp:4  | Noticed a thorn hunter
 28751 | Swamp:4  | Killed a thorn hunter
 29456 | Swamp:4  | Got a heavily runed ring mail
 29486 | Swamp:4  | Received a gift from Okawaru
 29488 | Swamp:4  | Noticed a thorn hunter
 29505 | Swamp:4  | Killed a thorn hunter
 29769 | Swamp:4  | Reached XP level 17. HP: 79/159 MP: 16/16
 30191 | Swamp:4  | Got a decaying rune of Zot
 31107 | Snake:1  | Identified the +5 ring mail "Laorphokurgh" {MR+} (You found it on level 4 of the Swamp)
 31268 | Snake:2  | Reached skill level 20 in Shields
 31458 | Snake:2  | Noticed Vashnia
 31501 | Snake:2  | HP: 7/160 [Vashnia/arrow (10)]
 31937 | Snake:2  | Killed Vashnia
 32506 | Snake:3  | Received a gift from Okawaru
 32754 | Snake:3  | Found a glowing silver altar of Zin.
 32773 | Snake:3  | Noticed Duralumin's ghost (adept HuCj)
 32783 | Snake:3  | Killed Duralumin's ghost
 32857 | Snake:3  | Noticed Jorgrun
 32870 | Snake:3  | Killed Jorgrun
 32905 | Snake:3  | Received a gift from Okawaru
 32930 | Snake:3  | Noticed Aizul
 32945 | Snake:3  | Killed Aizul
 33551 | Snake:4  | Entered Level 4 of the Snake Pit
 34586 | Snake:4  | Reached skill level 21 in Shields
 34601 | Snake:4  | Reached XP level 18. HP: 38/170 MP: 17/17
 35037 | Snake:4  | Received a gift from Okawaru
 37070 | Snake:4  | Found Waewir's Weapon Boutique.
 37070 | Snake:4  | Found Qedau's Gadget Shop.
 37071 | Snake:4  | Found Zot Apnu's Weapon Boutique.
 37075 | Snake:4  | Found Yxum's Book Shop.
 37643 | Snake:4  | Got a serpentine rune of Zot
 37996 | Vaults:1 | Entered Level 1 of the Vaults
 38094 | Vaults:1 | Received a gift from Okawaru
 38217 | Vaults:1 | Reached skill level 22 in Shields
 38756 | Vaults:1 | Received a gift from Okawaru
 38771 | Vaults:1 | Reached XP level 19. HP: 32/181 MP: 18/18
 40390 | Vaults:2 | Found Sixa's Armour Shop.
 40395 | Vaults:2 | Bought the +0 pair of fencer's gloves {+Riposte Dex+3} for 800 gold pieces
 40395 | Vaults:2 | Found the +0 pair of fencer's gloves {+Riposte Dex+3}
 41302 | Vaults:2 | Received a gift from Okawaru
 41514 | Vaults:2 | Found a staircase to the Crypt.
 41514 | Vaults:2 | Found an ancient bone altar of Kikubaaqudgha.
 41515 | Vaults:2 | Found a basalt altar of Yredelemnul.
 41887 | Vaults:3 | Reached skill level 23 in Shields
 42977 | Vaults:3 | Received a gift from Okawaru
 42987 | Vaults:3 | Got a bloodstained great sword {god gift}
 43241 | Vaults:3 | Reached XP level 20. HP: 193/193 MP: 19/19
 44667 | Vaults:4 | Received a gift from Okawaru
 45130 | Vaults:4 | Reached skill level 24 in Shields
 45132 | Vaults:4 | Found Naduw's Book Boutique.
 45339 | Vaults:4 | Got an ebony arbalest
 46263 | Vaults:4 | Identified the +4 great sword of Courage {drain, rElec rPois} (Okawaru gifted it to you on level 3 of the Vaults)
 46264 | Vaults:4 | Identified the +6 arbalest of Yfeokus {penet, MP+9} (You found it on level 4 of the Vaults)
 46276 | Vaults:4 | Received a gift from Okawaru
 46328 | Vaults:5 | Entered Level 5 of the Vaults
 46328 | Vaults:5 | Noticed an ancient lich
 46388 | Vaults:4 | Received a gift from Okawaru
 47053 | Elf:1    | Entered Level 1 of the Elven Halls
 47133 | Elf:1    | Found an ancient bone altar of Kikubaaqudgha.
 47161 | Elf:1    | Reached XP level 21. HP: 202/202 MP: 20/20
 47909 | Elf:2    | Identified the Tome of Transmigration and Unholy Arts
 48044 | Elf:2    | Found a runed gate.
 48044 | Elf:2    | Found a runed gate.
 48044 | Elf:2    | Found a runed gate.
 48055 | Elf:2    | Received a gift from Okawaru
 48415 | Elf:2    | Reached skill level 25 in Shields
 48963 | Elf:3    | Entered Level 3 of the Elven Halls
 49067 | Elf:3    | Found Puts's Armour Shoppe.
 49085 | Elf:3    | Found a frozen archway.
 49112 | IceCv    | Entered an ice cave
 49658 | IceCv    | Got a dazzling demon blade
 49659 | IceCv    | Identified the +11 demon blade of Kog Maec {vamp, Str+6} (You found it in an ice cave)
 49918 | Elf:3    | Bought the +5 plate armour of Panergh {*Drain Str+8} for 1059 gold pieces
 50602 | Elf:3    | Received a gift from Okawaru
 50614 | Elf:3    | Got a brightly glowing large shield {god gift}
 50664 | Elf:3    | Identified the +4 large shield of Plog {rF++ MR+} (Okawaru gifted it to you on level 3 of the Elven Halls)
 50890 | Elf:3    | Reached XP level 22. HP: 197/213 MP: 22/22
 50890 | Elf:3    | Gained mutation: You are frail. (-10% HP) [a cacodemon]
 50900 | Elf:3    | Identified the Disquisition on the Frostbite and Attacks
 50949 | Elf:3    | Got a crude double sword
 50950 | Elf:3    | Identified the +8 double sword "Ucof" {speed, Str+2} (You found it on level 3 of the Elven Halls)
 51164 | Elf:3    | Reached skill level 26 in Shields
 51181 | Elf:3    | Identified Piad's Guide on Aerial Toxins
 51189 | Elf:3    | Got translucent gold dragon scales
 51200 | Elf:3    | Identified the +6 gold dragon scales of the Doge {rPois rF+ rC+ Str+2} (You found it on level 3 of the Elven Halls)
 51966 | Elf:3    | Got a fine double sword
 51967 | Elf:3    | Identified the +3 double sword "Pepyol" {freeze, MR+ Int+4} (You found it on level 3 of the Elven Halls)
 52773 | Vaults:4 | Killed an ancient lich
 52936 | Vaults:4 | Received a gift from Okawaru
 53065 | Vaults:4 | Paralysed by a sphinx for 5 turns
 53319 | Vaults:5 | Got a crude falchion {flame}
 53464 | Vaults:5 | Received a gift from Okawaru
 53464 | Vaults:5 | Reached skill level 27 in Shields
 53513 | Vaults:5 | Got a smoking glaive
 53571 | Vaults:5 | Noticed a golden dragon
 53609 | Vaults:5 | Killed a golden dragon
 53631 | Vaults:5 | Got a silver rune of Zot
 54204 | Lair:1   | Identified the +2 falchion "Tulewk" {flame, +Fly} (You took it off a deep elf demonologist on level 5 of the Vaults)
 54222 | Lair:1   | Identified the +12 glaive "Transmigrator" {holy, +Inv rPois rF+ Str+4} (You found it on level 5 of the Vaults)
 54587 | Vaults:5 | Reached XP level 23. HP: 167/202 MP: 23/23
 54653 | Vaults:5 | Killed from afar by a shadow dragon

Skill      XL: |  1  2  3  4  5  6  7  8  9 10 11 12 13 14 15 16 17 18 19 20 21 22 |
---------------+-------------------------------------------------------------------+-----
Armour         | 4 5 6 8 9 10 11 13 14 15 16 17 18 19 | 19.3
Shields        | 4 5 6 7 9 11 13 14 15 17 18 19 21 22 23 24 25 27 | 27.0
Fighting       | 4 5 6 7 8 9 11 12 14 15 16 17 18 19 20 21 22 | 22.7
Long Blades    | 3 4 5 6 8 10 11 12 13 14 15 16 17 18 19 20 21 22 | 22.6
Dodging        | 1 3 4 5 6 7 |  7.7
Stealth        | 1 2 3 |  3.2
Invocations    | 1 |  1.5
Evocations     | |  0.8

Action                   |  1- 3 |  4- 6 |  7- 9 | 10-12 | 13-15 | 16-18 | 19-21 | 22-24 || total
-------------------------+-------+-------+-------+-------+-------+-------+-------+-------++-------
Melee: Long sword        |   102 |    94 |   377 |   239 |       |       |       |       ||   812
       Headbutt          |    15 |    26 |    83 |   128 |   235 |   349 |   383 |   173 ||  1392
       Katana            |       |       |       |   368 |  1074 |  1217 |  1268 |       ||  3927
       Scimitar          |       |       |       |       |       |   116 |       |       ||   116
       Demon blade       |       |       |       |       |       |       |   141 |   387 ||   528
       Double sword      |       |       |       |       |       |       |       |    75 ||    75
Invok: Heroism           |       |       |     1 |     5 |       |     1 |     1 |     1 ||     9
       Finesse           |       |       |       |     1 |       |       |       |       ||     1
Evoke: Wand              |       |       |       |       |     7 |     2 |       |       ||     9
  Use: Potion            |     1 |       |       |     3 |       |     3 |       |       ||     7
       Scroll            |       |       |     1 |    23 |     8 |     6 |     8 |       ||    46
 Stab: Petrified         |       |       |       |     3 |     2 |       |       |       ||     5
       Petrifying        |       |       |       |       |     1 |       |       |       ||     1
       Distracted        |       |       |       |       |     1 |       |       |       ||     1
       Confused          |       |       |       |       |       |     1 |       |       ||     1
  Eat: Chunk             |     1 |     6 |     7 |    17 |    30 |    18 |    34 |     4 ||   117
       Ration            |       |       |     1 |     1 |     3 |     8 |     3 |     5 ||    21
Armor: Scale mail        |    71 |    38 |    72 |       |       |       |       |       ||   181
       Plate armour      |       |       |    92 |   250 |   420 |   438 |   229 |    13 ||  1442
       Gold dragon scale |       |       |       |       |       |       |       |   149 ||   149
       Crystal plate arm |       |       |       |       |       |       |       |     3 ||     3
Dodge: Dodged            |    46 |    21 |   117 |   128 |   231 |   309 |   244 |    71 ||  1167
       Deflected         |       |       |       |       |       |    69 |    30 |       ||    99
Block: Shield            |    62 |    68 |   247 |   493 |   819 |  1313 |   424 |       ||  3426
       Reflection        |       |       |       |    15 |    62 |   139 |   202 |    49 ||   467
       Large shield      |       |       |       |       |       |       |  1064 |   636 ||  1700
       Rpst.: Long sword |    16 |     5 |    35 |    19 |       |       |       |       ||    75
       Katana            |       |       |       |    19 |    42 |    50 |    49 |       ||   160
       Scimitar          |       |       |       |       |       |     3 |       |       ||     3
       Demon blade       |       |       |       |       |       |       |     7 |     8 ||    15
